AoeStats
← BP_

Arena

510910735Analyzed
1v1 RM · 22h ago on Oct 3, 2026· 69m 44s· 2 players
Game mode
Random Map
Map size
Tiny (2 player)
Population
200
Speed
Normal
Resources
Standard
Victory
Conquest
Starting age
Dark Age
Ending age
Imperial Age
RankedLock teamsTeams togetherTeam positionsShared explorationLock speedFull tech treeHidden civsTurbo modeCheats
Victory
Defeat
🇺🇸 Wei · United States
1128
+17
🇧🇷 Bulgarians · Brazil
1157
-17
Harveygod
9:53 Feudal Age
10:58 Feudal Age
15:14 Castle Age
13:43 Double-Bit Axe
14:25 Horse Collar
16:18 Bow Saw
18:09 Heavy Plow
22:17 Loom
39:15 Wheelbarrow
38:25 Town Watch
39:10 Bloodlines
39:07 Gold Mining
39:45 Scale Barding Armor
39:50 Forging
40:06 Forging
44:17 Husbandry
44:58 Iron Casting
45:34 Sanctity
45:14 Devotion
45:39 Fletching
45:49 Padded Archer Armor
46:33 Thumb Ring
48:13 Bodkin Arrow
48:33 Leather Archer Armor
48:08 Elite Skirmisher
49:43 Hand Cart
49:28 Town Patrol
52:30 Bodkin Arrow
52:50 Leather Archer Armor
52:59 Ballistics
52:49 Masonry
55:16 Light Cavalry
57:56 Chain Barding Armor
61:53 Fortified Wall
63:01 Guard Tower
BP_
10:19 Feudal Age
15:38 Castle Age
13:58 Double-Bit Axe
19:37 Forging
22:32 Scale Mail Armor
24:54 Iron Casting
28:04 Wheelbarrow
27:56 Chain Mail Armor
27:52 Squires
38:15 Hand Cart
41:35 Imperial Age
39:40 Pikeman
41:19 Ballistics
41:14 Bow Saw
41:08 Fletching
41:19 Padded Archer Armor
41:08 Gambesons
41:24 Stone Mining
41:38 Gold Mining
43:04 Plate Mail Armor
42:55 Town Watch
42:57 Loom
44:16 Blast Furnace
42:39 Halberdier
44:37 Chemistry
45:42 Bodkin Arrow
46:20 Capped Ram
47:42 Conscription
52:31 Siege Ram
53:58 Bagains
54:40 Gold Shaft Mining
55:23 Siege Engineers
57:32 Stirrups
57:54 Scale Barding Armor
57:43 Cavalier
59:02 Chain Barding Armor
58:58 Bloodlines
58:50 Husbandry
Connection lost

Rejoining the realm…

Still unreachable

The connection could not be restored.

Session expired

The server has moved on; the page needs a fresh start.